3L
NEW AMSTERDAM DUTCHMEN @ PHILADELPHIA 1776 BC
07/30/2028
 
TOP OF THE 1ST
New Amsterdam Dutchmen batting - Pitching for Philadelphia 1776 BC : RHP George Frazier
Pitching: RHP George Frazier
Batting: RHB Jon Osterman 0-0: Called Strike
0-1: Foul Ball, location: 2F
0-2: Ball
1-2: Ball
2-2: Ball
3-2: Foul Ball, location: 2F
3-2: Foul Ball, location: 2F
3-2: Base on Balls
Batting: LHB SaQwan Hackett 0-0: Ball
1-0: Foul Ball, location: 2F
1-1: Ball
2-1: Foul Ball, location: 2F
2-2: Grounds into double play, 1-6-3 (Groundball, 13)
Batting: RHB Andrés Gonzáles 0-0: Foul Ball, location: 2F
0-1: Ball
1-1: Ball
2-1: Ball
3-1: Ground out 1-3 (Groundball, 15S)
Top of the 1st over - 0 run(s), 0 hit(s), 0 error(s), 0 left on base; New Amsterdam 0 - Philadelphia 1776 0
BOTTOM OF THE 1ST
Philadelphia 1776 BC batting - Pitching for New Amsterdam Dutchmen : LHP Walt Coffman
Pitching: LHP Walt Coffman
Batting: RHB Jesús Orozco 0-0: Called Strike
0-1: Foul Ball, location: 2F
0-2: Ground out 5-3 (Groundball, 56)
Batting: LHB José Rodríguez 0-0: Foul Ball, location: 2F
0-1: Ball
1-1: Swinging Strike
1-2: Fly out, F6 (Line Drive, 6)
Batting: LHB Manoo Satyavrat 0-0: Ball
1-0: Swinging Strike
1-1: Ball
2-1: Called Strike
2-2: Ball
3-2: Strikes out looking
Bottom of the 1st over - 0 run(s), 0 hit(s), 0 error(s), 0 left on base; New Amsterdam 0 - Philadelphia 1776 0
TOP OF THE 2ND
New Amsterdam Dutchmen batting - Pitching for Philadelphia 1776 BC : RHP George Frazier
Batting: LHB Félix López 0-0: Foul Ball, location: 2F
0-1: Ball
1-1: Foul Ball, location: 2F
1-2: Ground out U3 (Groundball, 34S)
Batting: LHB Cornelius Taitt 0-0: Ball
1-0: Foul Ball, location: 2F
1-1: Ball
2-1: Ball
3-1: Foul Ball, location: 2F
3-2: Foul Ball, location: 2F
3-2: Strikes out swinging
Batting: LHB Eric Ward 0-0: Ball
1-0: Ball
2-0: Called Strike
2-1: Swinging Strike
2-2: Foul Ball, location: 2F
2-2: Strikes out swinging
Top of the 2nd over - 0 run(s), 0 hit(s), 0 error(s), 0 left on base; New Amsterdam 0 - Philadelphia 1776 0
BOTTOM OF THE 2ND
Philadelphia 1776 BC batting - Pitching for New Amsterdam Dutchmen : LHP Walt Coffman
Batting: RHB Fernando Rivera 0-0: Ball
1-0: Called Strike
1-1: Swinging Strike
1-2: Strikes out swinging
Batting: SHB Jesús Cabańe 0-0: Foul Ball, location: 2F
0-1: Ball
1-1: Ball
2-1: Ball
3-1: Ground out 6-3 (Groundball, 6M)
Batting: RHB John Schnatter 0-0: Ball
1-0: Ground out U3 (Groundball, 2R)
Bottom of the 2nd over - 0 run(s), 0 hit(s), 0 error(s), 0 left on base; New Amsterdam 0 - Philadelphia 1776 0
TOP OF THE 3RD
New Amsterdam Dutchmen batting - Pitching for Philadelphia 1776 BC : RHP George Frazier
Batting: RHB John Burton 0-0: Called Strike
0-1: Called Strike
0-2: Strikes out swinging
Batting: RHB Mario Rivera 0-0: Called Strike
0-1: Ground out 5-3 (Groundball, 5L)
Batting: RHB Omar Schuler 0-0: Foul Ball, location: 2F
0-1: Ground out U3 (Groundball, 34)
Top of the 3rd over - 0 run(s), 0 hit(s), 0 error(s), 0 left on base; New Amsterdam 0 - Philadelphia 1776 0
BOTTOM OF THE 3RD
Philadelphia 1776 BC batting - Pitching for New Amsterdam Dutchmen : LHP Walt Coffman
Batting: LHB Cliff Aldridge 0-0: Foul Ball, location: 2F
0-1: Foul Ball, location: 2F
0-2: Reached on error, E3 (Groundball, 34S)
Batting: RHB Patrizio Vanali 0-0: Swinging Strike
0-1: Foul Ball, location: 2F
0-2: Foul Ball, location: 2F
0-2: Ball
Cliff Aldridge is caught stealing 2nd base
1-2: Ball
2-2: Foul Ball, location: 2F
2-2: Ground out 4-3 (Groundball, 4)
Batting: RHB António Granados 0-0: Called Strike
0-1: Swinging Strike
0-2: Ball
1-2: Foul Ball, location: 2F
1-2: Foul Ball, location: 2F
1-2: Foul Ball, location: 2F
1-2: Foul Ball, location: 2F
1-2: Ball
2-2: Ground out 1-3 (Groundball, 13)
Bottom of the 3rd over - 0 run(s), 0 hit(s), 1 error(s), 0 left on base; New Amsterdam 0 - Philadelphia 1776 0
TOP OF THE 4TH
New Amsterdam Dutchmen batting - Pitching for Philadelphia 1776 BC : RHP George Frazier
Batting: RHB Jon Osterman 0-0: Called Strike
0-1: Swinging Strike
0-2: Ball
1-2: Ball
2-2: Foul Ball, location: 2F
2-2: Foul Ball, location: 2F
2-2: Ground out 6-3 (Groundball, 6)
Batting: LHB SaQwan Hackett 0-0: Fly out, F8 (Flyball, 8LS)
Batting: RHB Andrés Gonzáles 0-0: Ball
1-0: Called Strike
1-1: Ball
2-1: Foul Ball, location: 2F
2-2: Fly out, F8 (Flyball, 89XD)
Top of the 4th over - 0 run(s), 0 hit(s), 0 error(s), 0 left on base; New Amsterdam 0 - Philadelphia 1776 0
BOTTOM OF THE 4TH
Philadelphia 1776 BC batting - Pitching for New Amsterdam Dutchmen : LHP Walt Coffman
Batting: RHB Jesús Orozco 0-0: Ground out 5-3 (Groundball, 5)
Batting: LHB José Rodríguez 0-0: Called Strike
0-1: Ball
1-1: Foul Ball, location: 2F
1-2: Ground out 6-3 (Groundball, 56)
Batting: LHB Manoo Satyavrat 0-0: Ball
1-0: Called Strike
1-1: Called Strike
1-2: Foul Ball, location: 2F
1-2: Strikes out looking
Bottom of the 4th over - 0 run(s), 0 hit(s), 0 error(s), 0 left on base; New Amsterdam 0 - Philadelphia 1776 0
TOP OF THE 5TH
New Amsterdam Dutchmen batting - Pitching for Philadelphia 1776 BC : RHP George Frazier
Batting: LHB Félix López 0-0: Foul Ball, location: 2F
0-1: Foul Ball, location: 2F
0-2: Ball
1-2: Foul Ball, location: 2F
1-2: Ball
2-2: Ground out 6-3 (Groundball, 6)
Batting: LHB Cornelius Taitt 0-0: Called Strike
0-1: Ball
1-1: Ball
2-1: Ball
3-1: Ground out 4-3 (Groundball, 34)
Batting: LHB Eric Ward 0-0: Ball
1-0: Called Strike
1-1: SINGLE (Line Drive, 8RS)
Batting: RHB John Burton 0-0: Ground out 4-3 (Groundball, 6M)
Top of the 5th over - 0 run(s), 1 hit(s), 0 error(s), 1 left on base; New Amsterdam 0 - Philadelphia 1776 0
BOTTOM OF THE 5TH
Philadelphia 1776 BC batting - Pitching for New Amsterdam Dutchmen : LHP Walt Coffman
Batting: RHB Fernando Rivera 0-0: Called Strike
0-1: Ball
1-1: Ground out 5-3 (Groundball, 56)
Batting: SHB Jesús Cabańe 0-0: Ball
1-0: Ground out 6-3 (Groundball, 6S)
Batting: RHB John Schnatter 0-0: Called Strike
0-1: Ball
1-1: Called Strike
1-2: Ball
2-2: Ball
3-2: Foul Ball, location: 2F
3-2: Base on Balls
Batting: LHB Cliff Aldridge 0-0: Ball
1-0: Ball
2-0: Called Strike
2-1: Swinging Strike
2-2: Ball
Wild Pitch!
John Schnatter to second
3-2: Foul Ball, location: 2F
3-2: Base on Balls
Batting: RHB Patrizio Vanali 0-0: Fly out, F8 (Flyball, 8LXD)
Bottom of the 5th over - 0 run(s), 0 hit(s), 0 error(s), 2 left on base; New Amsterdam 0 - Philadelphia 1776 0
TOP OF THE 6TH
New Amsterdam Dutchmen batting - Pitching for Philadelphia 1776 BC : RHP George Frazier
Batting: RHB Mario Rivera 0-0: Ball
1-0: Foul Ball, location: 2F
1-1: Ball
2-1: Called Strike
2-2: Ball
3-2: Base on Balls
Batting: RHB Omar Schuler 0-0: Ground out U3 (Groundball, 3S)
Mario Rivera to second
Batting: RHB Jon Osterman 0-0: Swinging Strike
0-1: Ball
1-1: DOUBLE (Flyball, 8LXD)
Mario Rivera scores
Batting: LHB SaQwan Hackett 0-0: Called Strike
0-1: Ball
1-1: Foul Ball, location: 2F
1-2: SINGLE (Groundball, 6D)
Jon Osterman to third
Runner from 3rd tries for Home, SAFE, no throw
Batting: RHB Andrés Gonzáles 0-0: Called Strike
0-1: Ball
1-1: Ball
2-1: Ball
3-1: Swinging Strike
3-2: Base on Balls
SaQwan Hackett to second
Pitching: RHP António Rodríguez
Batting: LHB Félix López 0-0: Called Strike
0-1: Ball
1-1: Ball
2-1: Foul Ball, location: 2F
2-2: Foul Ball, location: 2F
2-2: SINGLE (Groundball, 56D)
SaQwan Hackett to third
Andrés Gonzáles to second
Runner from 3rd tries for Home, SAFE, throw made home
Andrés Gonzáles to third
Félix López to second
Batting: LHB Cornelius Taitt 0-0: Ball
1-0: Foul Ball, location: 2F
1-1: Ball
2-1: Ball
3-1: Called Strike
3-2: Foul Ball, location: 2F
3-2: Strikes out looking
Batting: LHB Eric Ward 0-0: Foul Ball, location: 2F
0-1: Ground out 4-3 (Groundball, 34D)
Top of the 6th over - 3 run(s), 3 hit(s), 0 error(s), 2 left on base; New Amsterdam 3 - Philadelphia 1776 0
BOTTOM OF THE 6TH
Philadelphia 1776 BC batting - Pitching for New Amsterdam Dutchmen : LHP Walt Coffman
Batting: RHB António Granados 0-0: Called Strike
0-1: Ball
1-1: Called Strike
1-2: Foul Ball, location: 2F
1-2: Ground out 4-3 (Groundball, 4)
Batting: RHB Jesús Orozco 0-0: Foul Ball, location: 2F
0-1: Fly out, F6 (Popup, 6D)
Batting: LHB José Rodríguez 0-0: Foul Ball, location: 2F
0-1: Foul Ball, location: 2F
0-2: Strikes out swinging
Bottom of the 6th over - 0 run(s), 0 hit(s), 0 error(s), 0 left on base; New Amsterdam 3 - Philadelphia 1776 0
TOP OF THE 7TH
New Amsterdam Dutchmen batting - Pitching for Philadelphia 1776 BC : RHP António Rodríguez
Batting: RHB John Burton 0-0: Called Strike
0-1: Called Strike
0-2: Ball
1-2: Strikes out swinging
Batting: RHB Mario Rivera 0-0: Ball
1-0: Foul Ball, location: 2F
1-1: Foul Ball, location: 2F
1-2: Ball
2-2: Foul Ball, location: 2F
2-2: Ball
3-2: Base on Balls
Batting: RHB Omar Schuler 0-0: Called Strike
0-1: Swinging Strike
0-2: Strikes out swinging
Batting: RHB Jon Osterman 0-0: Ball
1-0: Fly out, F6 (Popup, 6)
Top of the 7th over - 0 run(s), 0 hit(s), 0 error(s), 1 left on base; New Amsterdam 3 - Philadelphia 1776 0
BOTTOM OF THE 7TH
Philadelphia 1776 BC batting - Pitching for New Amsterdam Dutchmen : LHP Walt Coffman
Batting: LHB Manoo Satyavrat 0-0: Ball
1-0: Foul Ball, location: 2F
1-1: Ball
2-1: Foul Ball, location: 2F
2-2: Ball
3-2: Strikes out looking
Batting: RHB Fernando Rivera 0-0: Ground out 5-3 (Groundball, 56S)
Batting: SHB Jesús Cabańe 0-0: Ball
1-0: Foul Ball, location: 2F
1-1: Ball
2-1: Swinging Strike
2-2: Ground out 5-3 (Groundball, 56S)
Bottom of the 7th over - 0 run(s), 0 hit(s), 0 error(s), 0 left on base; New Amsterdam 3 - Philadelphia 1776 0
TOP OF THE 8TH
New Amsterdam Dutchmen batting - Pitching for Philadelphia 1776 BC : RHP António Rodríguez
Batting: LHB SaQwan Hackett 0-0: Foul Ball, location: 2F
0-1: Foul Ball, location: 2F
0-2: Foul Ball, location: 2F
0-2: Foul Ball, location: 2F
0-2: Foul Ball, location: 2F
0-2: Ball
1-2: Foul Ball, location: 2F
1-2: Strikes out swinging
Batting: RHB Andrés Gonzáles 0-0: Called Strike
0-1: Hit by Pitch
Batting: LHB Félix López 0-0: Foul Ball, location: 2F
0-1: Swinging Strike
0-2: Foul Ball, location: 2F
0-2: Ball
1-2: Ball
2-2: Foul Ball, location: 2F
2-2: Foul Ball, location: 2F
2-2: Ball
3-2: Foul Ball, location: 2F
3-2: Grounds into double play, U4-3 (Groundball, 6MD)
Top of the 8th over - 0 run(s), 0 hit(s), 0 error(s), 0 left on base; New Amsterdam 3 - Philadelphia 1776 0
BOTTOM OF THE 8TH
Philadelphia 1776 BC batting - Pitching for New Amsterdam Dutchmen : LHP Walt Coffman
Batting: RHB John Schnatter 0-0: Ball
1-0: Called Strike
1-1: Foul Ball, location: 2F
1-2: Hit by Pitch
Batting: LHB Cliff Aldridge 0-0: Called Strike
0-1: Foul Ball, location: 2F
0-2: Foul Ball, location: 2F
0-2: Strikes out swinging
Batting: RHB Patrizio Vanali 0-0: Called Strike
0-1: Ball
1-1: Ball
2-1: Swinging Strike
2-2: Foul Ball, location: 2F
2-2: Strikes out swinging
Batting: RHB António Granados 0-0: Called Strike
0-1: Ball
1-1: Fly out, F4 (Line Drive, 34)
Bottom of the 8th over - 0 run(s), 0 hit(s), 0 error(s), 1 left on base; New Amsterdam 3 - Philadelphia 1776 0
TOP OF THE 9TH
New Amsterdam Dutchmen batting - Pitching for Philadelphia 1776 BC : RHP António Rodríguez
Pitching: LHP Brian Brewer
Batting: LHB Cornelius Taitt 0-0: Called Strike
0-1: Ball
1-1: Ball
2-1: Foul Ball, location: 2F
2-2: Foul Ball, location: 2F
2-2: Strikes out swinging
Batting: LHB Eric Ward 0-0: Ball
1-0: Fly out, F8 (Flyball, 89XD)
Batting: RHB John Burton 0-0: Ground out 6-3 (Groundball, 6M)
Top of the 9th over - 0 run(s), 0 hit(s), 0 error(s), 0 left on base; New Amsterdam 3 - Philadelphia 1776 0
BOTTOM OF THE 9TH
Philadelphia 1776 BC batting - Pitching for New Amsterdam Dutchmen : LHP Walt Coffman
Batting: RHB Jesús Orozco 0-0: Called Strike
0-1: Ball
1-1: DOUBLE (Line Drive, 78M)
Pitching: RHP Glenn Butler
Batting: LHB José Rodríguez 0-0: Called Strike
0-1: Ball
1-1: Ground out 1-3 (Groundball, 15)
Batting: LHB Manoo Satyavrat 0-0: Ball
1-0: Swinging Strike
1-1: Ball
2-1: Ground out 3-1 (Groundball, 34)
Jesús Orozco to third
Batting: RHB Fernando Rivera 0-0: Called Strike
0-1: Fly out, F5 (Line Drive, 5S)
Bottom of the 9th over - 0 run(s), 1 hit(s), 0 error(s), 1 left on base; New Amsterdam 3 - Philadelphia 1776 0
Monday, August 21st, 2017 - OOTP Baseball 17.12 Build 75